 Dungeon Crawl Stone Soup version 0.29.1-13-g9f3cf754e1 (console) character file.

Game seed: 17418420361217022639

395 om the Magician (level 7, -1/45 HPs)
             Began as a Djinni Ice Elementalist on Feb 9, 2023.
             Slain by Grinder (7 damage)
             ... on level 5 of the Dungeon on Feb 10, 2023.
             The game lasted 00:10:02 (6085 turns).

om the Magician (Djinni Ice Elementalist)           Turns: 6085, Time: 00:10:02

Health: -1/45      AC:  3    Str:  7    XL:     7   Next: 9%
Gold:   238        EV: 13    Int: 18    God:
                   SH:  0    Dex: 14

rFire   + + .      SeeInvis .   d - +0 short sword
rCold   x . .      Faith    .   (no shield)
rNeg    . . .      Spirit   .   a - +0 robe
rPois   ∞          Reflect  .   m - +0 helmet
rElec   .          Harm     .   (no cloak)
rCorr   .          Rampage  .   (no gloves)
Will    .....                   (boots unavailable)
Stlth   ++........              (no amulet)
HPRegen 0.15/turn               (no ring)
MPRegen 0.00/turn               (no ring)

@: mighty, flying
A: sickness immunity, fire resistance 2, cold vulnerability 1, float, innate
caster, HP casting, extra vitality 1
a: no special abilities


You were on level 5 of the Dungeon.
You visited 1 branch of the dungeon, and saw 7 of its levels.

You collected 238 gold pieces.

Inventory:

Hand Weapons
 d - a +0 short sword (weapon)
Armour
 a - a +0 robe (worn)
 m - a +0 helmet (worn)
 n - a +0 leather armour
Jewellery
 o - a ring of ice
Wands
 s - a wand of paralysis (8)
 t - a wand of iceblast (7)
Scrolls
 c - a scroll of noise
 f - a scroll of summoning
 k - 2 scrolls of teleportation {unknown}
 r - 3 scrolls of enchant armour {unknown}
 u - a scroll of immolation {unknown}
Potions
 b - 2 potions of flight
 e - a potion of brilliance {unknown}
 g - a potion of heal wounds {unknown}
 h - a potion of cancellation {unknown}
 j - a potion of berserk rage {unknown}
 l - a potion of lignification {unknown}
 p - a potion of attraction {unknown}
 q - a potion of resistance {unknown}
 v - a potion of curing {unknown}


   Skills:
 * Level 3.0 Armour
 - Level 3.4 Dodging
 - Level 2.0 Stealth
 * Level 5.0 Spellcasting
 + Level 1.4 Evocations


You couldn't memorise any spells.
You knew the following spells:

 Your Spells              Type           Power      Damage    Failure   Level
a - Freeze                Ice            88%        1d10      1%          1
b - Frozen Ramparts       Ice            44%        1d7       4%          3
c - Ozocubu's Armour      Ice            22%        N/A       4%          3
d - Hailstorm             Conj/Ice       22%        3d7       17%         4
e - Summon Small Mammal   Summ           88%        N/A       1%          1
f - Call Imp              Summ           22%        N/A       2%          2
g - Conjure Flame         Conj/Fire      22%        6-21      4%          3
Your spell library was empty.

Dungeon Overview and Level Annotations

Branches:
Dungeon (7/15)
 Temple: D:4-7

Altars:

Shops:
D:7 :

Annotations:
D:5 Grinder


Innate Abilities, Weirdness & Mutations

You are immune to sickness and miasma.
You are immune to poison.
Your flesh is very heat resistant. (rF++)
You are vulnerable to cold. (rC-)
You float through the air rather than walking.
You learn spells naturally, not from books.
Your magical power is your life essence.
You have superior vitality. (+4 MHP)


Message History

Grinder hits you.
You writhe in agony.
You hit Grinder.
Grinder is lightly wounded.
Grinder hits you.
You writhe in agony.
Aiming: Freeze (safe; 1% risk of failure)
Press: ? - help, Q - select action, (/) - cycle Shift-Dir - straight line, f - Grinder
Aim: Grinder (lightly wounded)
You freeze Grinder but do no damage.
Grinder completely resists.
Grinder misses you.
Unknown command.
Aiming: Freeze (safe; 1% risk of failure)
Press: ? - help, Q - select action, (/) - cycle Shift-Dir - straight line, f/p - Grinder
Aim: Grinder (lightly wounded)
You freeze Grinder but do no damage.
Grinder completely resists.
Grinder closely misses you.
Casting: Freeze (safe; 1% risk of failure)
Confirm with . or Enter, or press ? or * to list all spells.
A shadowy apparition takes form in the air.
Grinder gestures at you. You resist with some effort. Grinder hits you.
You writhe in agony.
Grinder hits you.
You writhe in agony.
* * * LOW HITPOINT WARNING * * *
Your shadow imp barely misses Grinder.
There is an escape hatch in the ceiling here.
You hit Grinder.
Grinder is moderately wounded.
Grinder hits you.
* * * LOW HITPOINT WARNING * * *
Your shadow imp hits Grinder.
Unknown command.
You closely miss Grinder.
Grinder is heavily wounded.
Grinder hits you but does no damage.
Your shadow imp hits Grinder.
You hit Grinder but do no damage.
Grinder is heavily wounded.
Grinder closely misses you.
Your shadow imp barely misses Grinder.
You feel very mighty all of a sudden. Grinder hits you!
You die...

........ ###.. .# ....
........ #..#.
..#.............. #....#
..#..............
...!..##.#..............
...........# .........
#........## .. ...#.#..
#..#......#...###.####.
.##..#.@5..#....#...#...
... #..5...............#
...##........#.###.†..##
...........#.#..........
...........#...###......
...........#...####.....
..>........#.#.##.......
........................
.....................)..


You could see Grinder (ally target) and a friendly shadow imp (summoned).

Vanquished Creatures
  A scorpion (D:6)
  A jelly (D:6)
  A hound (D:5)
  Jessica (D:3)
  3 iguanas (D:5)
  Ijyb (D:3)
  Robin (D:3)
  3 adders
  4 worms
  3 dart slugs
  4 orcs (D:7)
  4 endoplasms
  A giant cockroach (D:1)
  13 hobgoblins
  3 jackals (D:2)
  A quokka (D:1)
  11 ball pythons
  8 bats
  2 frilled lizards
  12 goblins
  2 kobolds (D:1)
  4 rats
84 creatures vanquished.

Vanquished Creatures (collateral kills)
  A goblin (D:3)
1 creature vanquished.

Grand Total: 85 creatures vanquished

Notes
Turn   | Place    | Note
-------+----------+-------------------------------------------
     0 | D:1      | om the Djinni Ice Elementalist began the quest for the Orb.
     0 | D:1      | om set off with the following spells memorised: Freeze,
                  | Frozen Ramparts, Ozocubu's Armour, Hailstorm.
     0 | D:1      | Reached XP level 1. HP: 15/15 MP: 0/0
   480 | D:1      | Reached XP level 2. HP: 21/21 MP: 0/0
  1322 | D:1      | Reached XP level 3. HP: 11/25 MP: 0/0
  1322 | D:1      | Learned a level 1 spell: Summon Small Mammal
  1955 | D:1      | Found a faded altar of an unknown god.
  2433 | D:2      | Reached XP level 4. HP: 24/31 MP: 0/0
  3211 | D:2      | Reached skill level 4 in Spellcasting
  3994 | D:3      | Noticed Robin
  4027 | D:3      | Killed Robin
  4028 | D:3      | Reached XP level 5. HP: 18/35 MP: 0/0
  4028 | D:3      | Learned a level 2 spell: Call Imp
  4534 | D:3      | Noticed Jessica
  4542 | D:3      | Killed Jessica
  4543 | D:3      | Reached skill level 1 in Armour
  5018 | D:3      | Noticed Ijyb
  5052 | D:3      | Killed Ijyb
  5298 | D:4      | You are sucked into a shaft and drop 3 floors!
  5304 | D:7      | Found Dialuah's Book Emporium.
  5468 | D:6      | Reached XP level 6. HP: 33/40 MP: 0/0
  5492 | D:6      | Reached skill level 1 in Evocations
  5639 | D:5      | Entered Level 5 of the Dungeon
  5941 | D:5      | Reached XP level 7. HP: 39/45 MP: 0/0
  5941 | D:5      | Learned a level 3 spell: Conjure Flame
  5947 | D:5      | Reached skill level 5 in Spellcasting
  6069 | D:5      | Noticed Grinder
  6085 | D:5      | Slain by Grinder

Illustrated notes

Levels and vault maps discovered:
D:1:      psy_arrival_dodecagon, layout_basic,
          shapermc_ecumenical_altar_mp_vishouse, hangedman_decor_points,
          minmay_pentomino_u2
D:2:      layout_basic, nicolae_eternal_life, ebering_dispersal_statue_hall
D:3:      layout_loops_cross, lemuel_coloured_pillars_altar,
          minmay_misc_feat_chi, grunt_decor_cap, uniq_ijyb, uniq_jessica,
          uniq_robin
D:4:      layout_layer_cave, minmay_temple_entry_purple_smoke
D:5:      layout_cave_pools, nicolae_uskayaw_murder_on_the_dancefloor,
          uniq_crazy_yiuf_cottage, uniq_grinder
D:6:      layout_gridville, uniq_prince_ribbit1, uniq_eustachio
D:7:      layout_gridville, nicolae_overflow_hidden_temple, lemuel_tele_altar,
          serial_shops, nicolae_shop_advertising_works
          [nicolae_subvault_shop_adworks], uniq_maggie

Skill      XL: |  1  2  3  4  5  6  7 |
---------------+----------------------+-----
Stealth        | 2 |  2.0
Dodging        | 3 |  3.4
Spellcasting   | 4 5 |  5.0
Armour         | 1 2 3 |  3.0
Evocations     | 1 |  1.4

Action                   |  1- 3 |  4- 6 |  7- 9 || total
-------------------------+-------+-------+-------++-------
Melee: Short sword       |    49 |    30 |     5 ||    84
       Unarmed           |     2 |       |       ||     2
 Cast: Freeze            |    31 |    55 |     4 ||    90
       Frozen Ramparts   |     1 |    12 |       ||    13
       Ozocubu's Armour  |       |     2 |       ||     2
       Call Imp          |       |     1 |     1 ||     2
  Use: Scroll            |       |     4 |       ||     4
       Potion            |       |       |     1 ||     1
 Stab: Sleeping          |     7 |     3 |       ||    10
Armor: Robe              |     9 |    19 |     1 ||    29
Dodge: Dodged            |    52 |    73 |     6 ||   131
